General information
			
			
        
        - name: BNet
 
        - type: Ladder team game (AT/RT)
 
        - host: Battle.net
 
        - saver: fineX
 
        
map: PhantomGrove 
        - players: 4
 
        - length: 24:05
 
        - speed: Fast
 - version: 1.22 W3XP
 - replay type:  Public
 
» download(110 KB)
Players
        team 1 (winner) 
              
              
fineX (
orange | 56 APM | 1352 actions | 24:05)
              
 3 Archmage 
 2 Blizzard
 1 Brilliance Aura
 1 Blood Mage 
 1 Flame Strike
 
                » actions 
                
                | Assign group hotkey | 30 |  | 
| Basic commands | 2 |  | 
| Build / train | 84 |  | 
| Enter build submenu | 44 |  | 
| Enter hero's abilities submenu | 4 |  | 
| Give item / drop item | 1 |  | 
| Remove unit from queue | 2 |  | 
| Right click | 575 |  | 
| Select / deselect | 266 |  | 
| Select group hotkey | 218 |  | 
| Use ability | 125 |  | 
                1352 total
 » units 
                » upgrades
                
                | Masonry | 2 |  | 
| Lumber Harvesting | 1 |  | 
| Magic Sentry | 1 |  | 
| Swords | 1 |  | 
| Armor | 1 |  | 
                6 total
 » buildings
                
                | Altar of Kings | 2 |  | 
| Farm | 11 |  | 
| Lumber Mill | 2 |  | 
| Scout Tower | 45 |  | 
| Guard Tower | 26 |  | 
| Keep | 2 |  | 
| Town Hall | 2 |  | 
| Arcane Sanctum | 1 |  | 
| Gryphon Aviary | 5 |  | 
| Castle | 2 |  | 
| Barracks | 2 |  | 
| Arcane Vault | 1 |  | 
| Blacksmith | 1 |  | 
                102 total
 » build order
                00:04 Altar of Kings
00:06 Farm
00:19 Lumber Mill
00:40 Farm
00:43 Farm
01:42 Scout Tower
01:45 Scout Tower
02:13 Guard Tower
02:16 Scout Tower
02:21 Guard Tower
03:40 Guard Tower
03:42 Scout Tower
04:12 Scout Tower
04:13 Scout Tower
04:15 Scout Tower
04:17 Guard Tower
05:04 Guard Tower
05:06 Guard Tower
05:42 Guard Tower
05:46 Scout Tower
05:47 Scout Tower
05:48 Scout Tower
05:51 Keep
06:04 Town Hall
06:29 Guard Tower
06:42 Guard Tower
07:01 Lumber Mill
07:11 Guard Tower
07:28 Scout Tower
07:29 Scout Tower
07:30 Scout Tower
07:30 Scout Tower
07:44 Scout Tower
07:45 Scout Tower
07:54 Scout Tower
07:56 Scout Tower
08:33 Guard Tower
08:42 Guard Tower
08:44 Scout Tower
08:45 Guard Tower
08:47 Guard Tower
08:52 Scout Tower
09:12 Guard Tower
09:18 Guard Tower
09:40 Scout Tower
09:41 Scout Tower
09:42 Scout Tower
09:43 Scout Tower
09:44 Scout Tower
10:08 Guard Tower
11:07 Guard Tower
11:07 Guard Tower
11:29 Guard Tower
11:33 Scout Tower
11:38 Town Hall
11:46 Scout Tower
11:47 Scout Tower
11:48 Scout Tower
11:50 Scout Tower
11:51 Scout Tower
11:52 Scout Tower
11:53 Scout Tower
11:58 Guard Tower
12:11 Farm
12:12 Farm
12:13 Farm
12:14 Farm
13:04 Guard Tower
13:12 Guard Tower
14:43 Arcane Sanctum
15:09 Scout Tower
15:11 Scout Tower
15:12 Scout Tower
15:12 Scout Tower
15:47 Guard Tower
16:03 Gryphon Aviary
16:04 Gryphon Aviary
16:44 Castle
16:52 Barracks
17:30 Scout Tower
17:30 Scout Tower
17:31 Scout Tower
17:32 Scout Tower
18:00 Barracks
18:11 Guard Tower
18:44 Arcane Vault
20:24 Scout Tower
20:24 Scout Tower
20:27 Guard Tower
20:51 Gryphon Aviary
20:52 Gryphon Aviary
20:58 Keep
21:09 Farm
21:09 Farm
21:38 Altar of Kings
21:50 Farm
21:50 Farm
22:06 Blacksmith
22:21 Scout Tower
23:43 Castle
23:46 Gryphon Aviary
23:49 Scout Tower
» items
                
                | Healing Salve | 2 |  | 
| Lesser Clarity Potion | 2 |  | 
| Scroll of Speed | 2 |  | 
| Scroll of Town Portal | 2 |  | 
| Potion of Healing | 1 |  | 
| Orb of Lightning | 1 |  | 
                10 total
  
               
              
              
GOKUMaN69 (
green | 53 APM | 1288 actions | 24:04)
              
 5 Blademaster 
 2 Wind Walk
 3 Critical Strike
 1 Pandaren Brewmaster 
 1 Breath of Fire
 1 Tauren Chieftain 
 1 Shockwave
 
                » actions 
                
                | Build / train | 58 |  | 
| Enter build submenu | 59 |  | 
| Enter hero's abilities submenu | 7 |  | 
| Give item / drop item | 24 |  | 
| Right click | 648 |  | 
| Select / deselect | 358 |  | 
| Use ability | 134 |  | 
                1288 total
 » units 
                » upgrades
                
                | Spiked Barricades | 3 |  | 
| Envenomed Spears | 1 |  | 
                4 total
 » buildings
                
                | Altar of Storms | 1 |  | 
| Orc Burrow | 5 |  | 
| War Mill | 1 |  | 
| Watch Tower | 39 |  | 
| Voodoo Lounge | 2 |  | 
| Stronghold | 1 |  | 
| Fortress | 1 |  | 
| Great Hall | 2 |  | 
| Beastiary | 2 |  | 
                54 total
 » build order
                00:04 Altar of Storms
00:27 Orc Burrow
00:37 War Mill
01:53 Watch Tower
02:12 Watch Tower
02:29 Voodoo Lounge
02:34 Watch Tower
03:53 Stronghold
04:11 Watch Tower
04:16 Watch Tower
04:55 Watch Tower
05:07 Watch Tower
05:25 Watch Tower
05:52 Watch Tower
06:30 Orc Burrow
06:37 Watch Tower
07:27 Watch Tower
07:29 Watch Tower
07:33 Voodoo Lounge
07:45 Watch Tower
08:24 Watch Tower
08:25 Watch Tower
08:30 Watch Tower
08:47 Watch Tower
09:15 Watch Tower
09:55 Watch Tower
09:56 Watch Tower
11:10 Watch Tower
11:29 Watch Tower
11:56 Watch Tower
11:57 Watch Tower
12:34 Fortress
12:39 Watch Tower
12:40 Watch Tower
14:37 Watch Tower
14:38 Watch Tower
14:41 Watch Tower
14:54 Watch Tower
15:09 Watch Tower
15:54 Watch Tower
15:55 Watch Tower
15:57 Watch Tower
17:19 Watch Tower
17:22 Watch Tower
17:23 Watch Tower
17:35 Great Hall
18:07 Watch Tower
18:16 Great Hall
19:26 Beastiary
19:27 Beastiary
19:50 Watch Tower
20:27 Orc Burrow
20:49 Orc Burrow
21:12 Orc Burrow
» items
                
                | Healing Salve | 5 |  | 
| Lesser Clarity Potion | 6 |  | 
| Potion of Healing | 4 |  | 
| Potion of Mana | 4 |  | 
| Orb of Lightning | 1 |  | 
| Scroll of Town Portal | 1 |  | 
                21 total
  
               team 2 (loser) 
              
              
Murdarah (
purple | 66 APM | 1597 actions | 24:03)
              
 5 Tauren Chieftain 
 3 Endurance Aura
 2 Shockwave
 
                » actions 
                
                | Assign group hotkey | 28 |  | 
| Basic commands | 77 |  | 
| Build / train | 47 |  | 
| ESC pressed | 1 |  | 
| Enter build submenu | 31 |  | 
| Enter hero's abilities submenu | 6 |  | 
| Give item / drop item | 1 |  | 
| Right click | 618 |  | 
| Select / deselect | 236 |  | 
| Select group hotkey | 455 |  | 
| Use ability | 97 |  | 
                1597 total
 » units 
                
                | Peon | 11 |  | 
| Raider | 10 |  | 
| Demolisher | 7 |  | 
                28 total
 » upgrades
                
                | Pillage | 1 |  | 
| Spiked Barricades | 1 |  | 
| Ensnare | 1 |  | 
| Ranged Weapons | 1 |  | 
                4 total
 » buildings
                
                | Altar of Storms | 1 |  | 
| Orc Burrow | 9 |  | 
| War Mill | 1 |  | 
| Watch Tower | 4 |  | 
| Stronghold | 1 |  | 
| Beastiary | 2 |  | 
| Voodoo Lounge | 3 |  | 
| Barracks | 3 |  | 
| Great Hall | 1 |  | 
                25 total
 » build order
                00:10 Altar of Storms
00:21 Orc Burrow
00:44 War Mill
01:17 Orc Burrow
02:14 Watch Tower
03:07 Orc Burrow
03:22 Watch Tower
03:43 Stronghold
04:03 Watch Tower
04:22 Orc Burrow
04:27 Orc Burrow
05:00 Watch Tower
05:14 Orc Burrow
06:06 Beastiary
06:45 Beastiary
07:04 Orc Burrow
07:36 Voodoo Lounge
07:59 Voodoo Lounge
08:03 Voodoo Lounge
12:05 Barracks
12:41 Barracks
13:46 Barracks
18:05 Orc Burrow
18:08 Orc Burrow
20:24 Great Hall
» items
                
                | Scroll of Speed | 2 |  | 
| Healing Salve | 4 |  | 
| Scroll of Town Portal | 2 |  | 
                8 total
  
               
              
              
RoBoT.Kid11 (
teal | 80 APM | 1916 actions | 23:59)
              
 5 Tauren Chieftain 
 3 Endurance Aura
 2 Shockwave
 
                » actions 
                
                | Assign group hotkey | 98 |  | 
| Basic commands | 188 |  | 
| Build / train | 54 |  | 
| ESC pressed | 5 |  | 
| Enter build submenu | 33 |  | 
| Enter hero's abilities submenu | 6 |  | 
| Right click | 760 |  | 
| Select / deselect | 342 |  | 
| Select group hotkey | 311 |  | 
| Use ability | 119 |  | 
                1916 total
 » units 
                
                | Peon | 12 |  | 
| Raider | 14 |  | 
| Demolisher | 6 |  | 
                32 total
 » upgrades
                
                | Spiked Barricades | 1 |  | 
| Ensnare | 1 |  | 
| Pillage | 1 |  | 
| Melee Weapons | 1 |  | 
| Ranged Weapons | 1 |  | 
                5 total
 » buildings
                
                | Orc Burrow | 7 |  | 
| Altar of Storms | 1 |  | 
| War Mill | 1 |  | 
| Stronghold | 1 |  | 
| Watch Tower | 8 |  | 
| Voodoo Lounge | 2 |  | 
| Beastiary | 2 |  | 
| Barracks | 2 |  | 
| Great Hall | 1 |  | 
                25 total
 » build order
                00:08 Orc Burrow
00:19 Altar of Storms
00:35 War Mill
02:07 Stronghold
02:24 Watch Tower
02:38 Voodoo Lounge
02:50 Watch Tower
03:16 Watch Tower
03:42 Watch Tower
03:52 Watch Tower
04:07 Watch Tower
04:24 Orc Burrow
04:51 Beastiary
05:18 Voodoo Lounge
05:49 Orc Burrow
05:54 Watch Tower
06:28 Watch Tower
07:32 Beastiary
07:46 Orc Burrow
07:48 Orc Burrow
08:30 Orc Burrow
11:40 Orc Burrow
12:26 Barracks
12:27 Barracks
19:32 Great Hall
» items
                
                | Scroll of Speed | 2 |  | 
| Healing Salve | 6 |  | 
| Lesser Clarity Potion | 2 |  | 
                10 total
  
                Chat log
          (00:07 / All) GOKUMaN69: u good?
(00:13 / All) RoBoT.Kid11: not relly
(00:14 / All) GOKUMaN69: what movies u like?
(00:20 / All) fineX: k good lol
(00:24 / All) GOKUMaN69: what units u hood?
(00:26 / All) RoBoT.Kid11: porn a lot
(00:28 / All) fineX: wer just doin dis for da lulz
(04:58 / All) GOKUMaN69: why towers?
(05:06 / All) RoBoT.Kid11: they are imba
(05:13 / All) fineX: KEWL
(14:25 / All) fineX: niggers
(15:18 / All) fineX: p.s. raiders arent good vs towers